 Dungeon Crawl Stone Soup version 0.30-a0-424-g7412bad402 (webtiles) character file.

Game seed: 12295117137257253340

40 AigisTheKnight the Caller (level 3, 0/20 HPs)
             Began as a Tengu Summoner on Dec 10, 2022.
             Slain by an iguana (10 damage)
             ... on level 4 of the Dungeon.
             The game lasted 00:03:08 (1042 turns).

AigisTheKnight the Caller (Tengu Summoner)          Turns: 1042, Time: 00:03:09

Health: 0/20       AC:  2    Str:  8    XL:     3   Next: 50%
Magic:  6/7        EV: 12    Int: 17    God:
Gold:   47         SH:  0    Dex: 14    Spells: 5/6 levels left

rFire   . . .      SeeInvis .    e - +0 dagger
rCold   . . .      Faith    .    (no shield)
rNeg    . . .      Spirit   .    a - +0 robe
rPois   .          Reflect  .    (helmet restricted)
rElec   .          Harm     .    (no cloak)
rCorr   .          Rampage  .    (no gloves)
Will    .....                    (boots unavailable)
Stlth   ++........               (no amulet)
HPRegen 0.23/turn                (no ring)
MPRegen 0.10/turn                (no ring)

@: no status effects
A: beak, talons 3
a: no special abilities


You were on level 4 of the Dungeon.
You visited 1 branch of the dungeon, and saw 3 of its levels.

You collected 47 gold pieces.

Inventory:

Hand Weapons
 e - a +0 dagger (weapon)
Armour
 a - a +0 robe (worn)
Scrolls
 d - a scroll of immolation {unknown}
 f - a scroll of poison {unknown}
 h - a scroll of teleportation {unknown}
Potions
 b - a potion of magic
 c - a potion of curing {unknown}
 g - a potion of ambrosia {unknown}


   Skills:
 + Level 1.2 Fighting
 + Level 2.8 Dodging
 - Level 2.0 Stealth
 + Level 2.4 Spellcasting
 + Level 5.2 Summonings


You had 5 spell levels left.
You knew the following spells:

 Your Spells              Type           Power      Damage    Failure   Level
a - Summon Small Mammal   Summ           76%        N/A       2%          1

Your spell library contained the following spells:

 Spells                   Type           Power      Damage    Failure   Level
 Call Imp                 Summ           19%        N/A       3%          2
 Call Canine Familiar     Summ           19%        N/A       6%          3
 Summon Guardian Golem    Hex/Summ       10%        N/A       19%         3
 Summon Lightning Spire   Summ/Air       10%        N/A       54%         4


Dungeon Overview and Level Annotations

Branches:
Dungeon (4/15)
 Temple: D:4-7

Altars:


Innate Abilities, Weirdness & Mutations

You have a beak for a mouth.
You have claws for feet.


Message History

A hobgoblin comes into view.
The hobgoblin shouts!
Casting: Summon Small Mammal (safe; 2% risk of failure)
Confirm with . or Enter, or press ? or * to list all spells.
Unknown command.
Casting: Summon Small Mammal (safe; 2% risk of failure)
Confirm with . or Enter, or press ? or * to list all spells.
A dart slug comes into view.
The dart slug bites you.
You hit the dart slug.
The dart slug is moderately wounded.
You hit the dart slug. You claw the dart slug.
You peck the dart slug, but do no damage.
The dart slug is almost dead.
Your quokka bites the dart slug.
The dart slug dies!
The hobgoblin barely misses your quokka.
Unknown command.
Your quokka bites the hobgoblin. x3
The hobgoblin dies!
You swap places.
You see here a dart slug corpse.
An iguana comes into view.
An iguana is nearby!
Casting: Summon Small Mammal (safe; 2% risk of failure)
Confirm with . or Enter, or press ? or * to list all spells.
Your quokka disappears in a puff of smoke!
Unknown command.
Your quokka splashes around in the water.
The iguana bites you!
Your quokka closely misses the iguana.
Unknown command.
You hit the iguana but do no damage.
Your quokka closely misses the iguana.
The iguana bites you.
Your quokka misses the iguana.
Unknown command.
You closely miss the iguana. You claw the iguana, but do no damage.
Your quokka closely misses the iguana.
Your quokka splashes around in the water.
The iguana bites you!
Ouch! That really hurt!
You die...

# ##...# # ##..# . ##..#
..##...###
.........#########
#..#...#.........#####
...#.......#####.....#
P.....~..~.......###.#
..~..~~≈P..~~~~~@.##.###
≈~P~~~≈≈≈≈~~≈≈≈.l..#...#
≈≈≈≈~~~≈≈≈≈≈≈≈P.rr...#.#
~~~.~~P~≈≈≈≈≈≈~≈~.......#
....~P~≈~≈≈≈≈≈~~~...#..#
.P~~P≈≈≈≈~≈...#.#
P~PP~~≈≈≈≈P......
...~~.~P≈≈P~.~..#.
#....~~~≈≈≈~.~...


You could see an iguana (ally target) and 2 friendly quokkas.

Vanquished Creatures
  2 endoplasms (D:1)
  4 jackals (D:1)
  A quokka (D:1)
  A ball python (D:1)
  A frilled lizard (D:1)
  A goblin (D:1)
  3 rats (D:1)
13 creatures vanquished.

Vanquished Creatures (collateral kills)
  A dart slug (D:4)
  An endoplasm (D:1)
  3 goblins (D:1)
  2 hobgoblins
  4 jackals (D:1)
  A quokka (D:1)
  3 ball pythons (D:1)
  3 bats (D:1)
  2 frilled lizards (D:1)
  A kobold (D:1)
21 creatures vanquished.

Grand Total: 34 creatures vanquished

Notes
Turn   | Place    | Note
-------+----------+-------------------------------------------
     0 | D:1      | AigisTheKnight the Tengu Summoner began the quest for the
                  | Orb.
     0 | D:1      | Reached XP level 1. HP: 10/10 MP: 4/4
     9 | D:1      | Found a faded altar of an unknown god.
   167 | D:1      | Reached XP level 2. HP: 16/16 MP: 3/6
   203 | D:1      | Reached skill level 5 in Summonings
   426 | D:1      | Reached skill level 1 in Fighting
   476 | D:1      | Reached XP level 3. HP: 20/20 MP: 4/7
   988 | D:2      | You fall into a shaft and drop 2 floors!
  1042 | D:4      | Slain by an iguana

Illustrated notes

Levels and vault maps discovered:
D:1:      evilmike_arrival_plus, layout_basic, ebering_ecumenical_altar_box
D:2:      layout_loops_ring, minmay_misc_feat_nine_boxes,
          chequers_serial_rivers_room_b, grunt_ministairs_2
D:4:      layout_cave_pools, serial_shops, nicolae_take_the_stairs,
          minmay_crystal_water, palyth_stone_intersect, chequers_big_river

Skill      XL: |  1  2 |
---------------+-------+-----
Summonings     | 5 |  5.2
Fighting       | 1 |  1.2
Dodging        | |  2.8
Stealth        | |  2.0
Spellcasting   | |  2.4

Action                   || total
-------------------------++-------
Melee: Unarmed           ||     7
       Kick              ||    11
       Dagger            ||    35
       Peck              ||     6
 Cast: Summon Small Mamm ||    38
 Stab: Distracted        ||     1
Armor: Robe              ||     9
Dodge: Dodged            ||    44

Table legend: (Time is in decaauts)
 A = Elapsed time spent in this place.
 B = Non-inter-level travel time spent in this place.
 C = Inter-level travel time spent in this place.
 D = Time resting spent in this place.
 E = Time spent auto-exploring this place.
 F = Levels seen in this place.
 G = Mean time per level.
                   A        B        C        D        E       F      G
               +--------+--------+--------+--------+--------+-----+--------+
         Total |   1041 |    983 |     58 |     72 |    599 |   3 |  347.0 |
       Dungeon |   1041 |    983 |     58 |     72 |    599 |   3 |  347.0 |
               +--------+--------+--------+--------+--------+-----+--------+

Top non-repeatable levels by time:
     D:1: 887 daAuts
     D:2: 99 daAuts
     D:4: 53 daAuts
